 Dungeon Crawl Stone Soup version 0.31-a0-654-gbe3e110b4e (webtiles) character file.

Game seed: 14068037478648780730

79 Iich the Ruffian (level 4, -1/42 HPs)
             Began as a Troll Shapeshifter on Aug 30, 2023.
             Slain by a gnoll
             ... wielding a +0 halberd
              (13 damage)
             ... on level 2 of the Dungeon.
             The game lasted 00:02:59 (1330 turns).

Iich the Ruffian (Troll Shapeshifter)               Turns: 1330, Time: 00:03:00

Health: -1/42      AC:  4    Str: 22    XL:     4   Next: 16%
Magic:  3/3        EV: 10    Int:  6    God:
Gold:   184        SH:  0    Dex: 11    Spells: 3/3 levels left

rFire   . .          .
                       - Unarmed
rCold   . . .        (no shield)
rNeg    . . .        a - +0 animal skin
rPois   .            (helmet currently unavailable)
rElec   .            (cloak currently unavailable)
rCorr   .            (gloves unavailable)
SInv    .            (boots unavailable)
Will    .....        (no amulet)
Stlth   +            (no ring)
HPRegen 1.07/turn    (no ring)
MPRegen 0.08/turn

%: no passive effects
@: mighty, beast-form
A: beast (slay +1), large, unfitting armour, claws 3, regeneration 1, shaggy fur
1, tough skin 1
a: Begin Untransformation


You were on level 2 of the Dungeon.
You were a hulking beast.
You visited 1 branch of the dungeon, and saw 2 of its levels.

You collected 184 gold pieces.

Inventory:

Armour
 a - a +0 animal skin (worn)
Talismans
 c - a beast talisman (active)
 i - a flux talisman
Scrolls
 e - a scroll of vulnerability {unknown}
 g - a scroll of revelation {unknown}
 h - a scroll of enchant armour {unknown}
 j - a scroll of fog {unknown}
 l - a scroll of fear {unknown}
 t - 2 scrolls of teleportation
Potions
 b - a potion of lignification
 f - a potion of berserk rage {unknown}
 k - a potion of brilliance {unknown}


   Skills:
 + Level 1.6 Fighting
 + Level 0.3 Armour
 + Level 2.2 Dodging
 + Level 3.5 Unarmed Combat
 + Level 3.4 Shapeshifting


You had 3 spell levels left.
You didn't know any spells.
Your spell library contained the following spells:

 Spells                   Type           Power      Damage    Failure   Level
 Slow                     Hex            0%         N/A       45%         1
 Confusing Touch          Hex            0%         N/A       83%         3
 Vampiric Draining        Necr           0%         2d6       83%         3


Dungeon Overview and Level Annotations

Branches:
Dungeon (2/15)

Altars:


Innate Abilities, Weirdness & Mutations

You are a hulking beast.
Your limbs bulge with bestial killing power. (Slay +1)
You are too large for most types of armour.
You have claws for hands.
Your natural rate of healing is unusually fast.
You are covered in fur. (AC +1)
You have tough skin. (AC +1)


Message History

A gnoll comes into view. It is wielding a +0 halberd.
You feel very mighty all of a sudden.
You claw the gnoll!
The gnoll is severely wounded.
The gnoll hits you with a +0 flail!
You take 9 damage, and have 24/33 hp. !!!!--MASSIVE DAMAGE--!!!!
You completely miss the gnoll.
The gnoll is severely wounded.
The gnoll hits you with a +0 flail!
You take 8 damage, and have 16/33 hp. !!!!--MASSIVE DAMAGE--!!!!
You claw the gnoll!
You kill the gnoll!
You have reached level 4!
You regained 6 hp, and now have 22/41 hp.
MP restored: 3 You claw the gnoll!
The gnoll is severely wounded.
The gnoll hits you with a +0 whip.
The gnoll hits you from afar with a +0 halberd.
* * * LOW HITPOINT WARNING * * *
You take 7 damage, and have 15/41 hp.
You closely miss the gnoll.
The gnoll is severely wounded.
The gnoll hits you with a +0 whip.
* * * LOW HITPOINT WARNING * * *
The gnoll barely misses you.
You take 3 damage, and have 12/41 hp.
You closely miss the gnoll.
The gnoll is severely wounded.
The gnoll hits you but does no damage. The gnoll barely misses you.
You claw the gnoll!
You kill the gnoll!
The gnoll hits you from afar with a +0 halberd.
* * * LOW HITPOINT WARNING * * *
You take 3 damage, and have 10/42 hp.
The gnoll barely misses you.
Things that are here:
a +0 whip; a +0 flail; a gnoll corpse You barely miss the gnoll.
The gnoll hits you with a +0 halberd!
You die...

........################.###.#
.#.#.................#.......#
.#.#############.....###.########
.... #.....###......... ...##
#.....#........... ##.#
#.....#.....†..... ...
#...#..†........).
#.#.######........ #h#.#
#.......[ #g#.# ########. #.#.#
#. #.#.####### #. ### #.#.......#
#. #########.# #.#######.### #.
#.........# ..# #.>...# #.
#.#######.# ### #>#.#.# #. #.#
#.# #.#.#.# #.


You could see a gnoll.

Vanquished Creatures
  2 gnolls (D:2)
  An adder (D:2)
  4 dart slugs
  4 bats
  4 endoplasms
  A giant cockroach (D:1)
  2 goblins (D:1)
  5 hobgoblins
  4 kobolds
  2 quokkas
  5 ball pythons
  2 frilled lizards
  5 rats
41 creatures vanquished.

Notes
Turn   | Place    | Note
-------+----------+-------------------------------------------
     0 | D:1      | Iich the Troll Shapeshifter began the quest for the Orb.
     0 | D:1      | Reached XP level 1. HP: 18/18 MP: 0/0
   139 | D:1      | Reached skill level 1 in Fighting
   189 | D:1      | Reached XP level 2. HP: 27/27 MP: 1/1
   839 | D:2      | Reached XP level 3. HP: 33/33 MP: 2/2
  1325 | D:2      | Reached XP level 4. HP: 22/41 MP: 3/3
  1330 | D:2      | Slain by a gnoll

Illustrated notes

Levels and vault maps discovered:
D:1:      matt_arrival_refuge, layout_basic, kennysheep_flooded_box,
          hex_intersection, minmay_small_reverse_x
D:2:      layout_basic, minmay_misc_feat_columns, minmay_goblin_kobold_house

Skill      XL: |  1  2 |
---------------+-------+-----
Fighting       | 1 |  1.6
Dodging        | 2 |  2.2
Armour         | |  0.3
Unarmed Combat | |  3.5
Shapeshifting  | |  3.4

Action                     |  1- 3 |  4- 6 || total
---------------------------+-------+-------++-------
  Melee: Unarmed           |    85 |     5 ||    90
    Use: Scroll            |     1 |       ||     1
         Potion            |     2 |       ||     2
 Armour: Animal skin       |    31 |     1 ||    32
  Dodge: Dodged            |    50 |     3 ||    53

Table legend: (Time is in decaauts)
 A = Elapsed time spent in this place.
 B = Non-inter-level travel time spent in this place.
 C = Inter-level travel time spent in this place.
 D = Time resting spent in this place.
 E = Time spent auto-exploring this place.
 F = Levels seen in this place.
 G = Mean time per level.
                   A        B        C        D        E       F      G
               +--------+--------+--------+--------+--------+-----+--------+
         Total |   1324 |   1272 |     52 |      0 |   1031 |   2 |  662.0 |
       Dungeon |   1324 |   1272 |     52 |      0 |   1031 |   2 |  662.0 |
               +--------+--------+--------+--------+--------+-----+--------+

Top non-repeatable levels by time:
     D:1: 831 daAuts
     D:2: 493 daAuts
